AoeStats
← Vek Reversal

Arena

509944798Analyzed
4v4 RM · 3d ago on Sep 28, 2026· 45m 18s· 8 players
Game mode
Random Map
Map size
Large (8 player)
Population
200
Speed
Normal
Resources
Standard
Victory
Conquest
Starting age
Dark Age
Ending age
Imperial Age
RankedLock teamsTeams togetherTeam positionsShared explorationLock speedFull tech treeHidden civsTurbo modeCheats
Victory
Defeat
1255
+14
🇬🇧 Romans · United Kingdom
1233
+15
🇬🇧 Bohemians · United Kingdom
1231
+15
🇸🇪 Danes · Sweden
1200
+16
🇮🇳 Teutons · India
1239
-16
🇮🇳 Burgundians · India
1225
-16
1210
-15
🇮🇳 Ethiopians · India
1151
-13
andylo16
10:45 Feudal Age
18:08 Castle Age
17:51 Wheelbarrow
17:12 Double-Bit Axe
17:17 Horse Collar
22:57 Gold Mining
26:26 Gold Shaft Mining
28:22 Hand Cart
33:18 Imperial Age
31:12 Ballistics
30:46 Pikeman
31:26 Squires
32:14 Heavy Plow
32:27 Bow Saw
32:11 Stone Mining
33:02 Town Watch
33:26 Heavy Scorpion
35:11 Chemistry
35:04 Siege Engineers
39:46 Ballistas
41:56 Capped Ram
42:47 Siege Ram
Vek Reversal
0:26 Loom
11:22 Feudal Age
14:50 Castle Age
13:08 Double-Bit Axe
16:45 Horse Collar
27:17 Imperial Age
27:46 Chemistry
31:05 Pikeman
35:45 Bow Saw
36:24 Scale Mail Armor
37:05 Squires
38:49 Houfnice
39:42 Forging
41:29 Iron Casting
41:09 Chain Mail Armor
41:23 Halberdier
41:50 Arson
44:21 Blast Furnace
43:52 Plate Mail Armor
44:18 Siege Engineers
44:25 Fortified Wall
Gustavus Adolphus
11:23 Feudal Age
15:26 Castle Age
13:30 Double-Bit Axe
13:53 Horse Collar
15:39 Scale Mail Armor
15:28 Arson
17:32 Gambesons
20:50 Chain Mail Armor
23:54 Loom
25:34 Forging
26:38 Squires
27:34 Iron Casting
30:21 Wheelbarrow
36:58 Fletching
47:11 Imperial Age
Сергей Петрович
10:18 Feudal Age
14:15 Castle Age
12:29 Double-Bit Axe
13:29 Horse Collar
15:24 Town Watch
19:09 Town Watch
20:09 Wheelbarrow
21:25 Hand Cart
21:34 Bow Saw
22:26 Gold Mining
24:04 Gold Shaft Mining
24:21 Fletching
24:42 Padded Archer Armor
25:29 Heavy Plow
26:44 Bodkin Arrow
30:07 Leather Archer Armor
34:54 Ballistics
36:07 Husbandry
36:26 Bloodlines
39:50 Imperial Age
38:01 Town Watch
38:54 Light Cavalry
40:32 Bracer
39:54 Elite Elephant Archer
41:27 Ring Archer Armor
43:35 Chemistry
44:09 Conscription
43:57 Paiks
44:26 Conscription
43:41 Siege Elephant
bamboe
10:19 Feudal Age
11:51 Double-Bit Axe
14:55 Castle Age
16:08 Bow Saw
15:52 Horse Collar
20:06 Wheelbarrow
21:35 Heavy Plow
22:12 Crossbowman
22:56 Gold Mining
23:31 Fletching
28:42 Imperial Age
26:31 Hand Cart
26:37 Bodkin Arrow
26:43 Padded Archer Armor
26:58 Thumb Ring
28:30 Gold Shaft Mining
28:24 Leather Archer Armor
28:51 Squires
28:54 Scale Mail Armor
30:04 Halberdier
30:50 Bracer
31:20 Ring Archer Armor
31:14 Ballistics
31:31 Stone Mining
31:24 Arbalester
32:59 Forging
34:25 Conscription
39:02 Chemistry
38:35 Light Cavalry
39:23 Scale Barding Armor
39:53 Iron Casting
39:35 Fortified Wall
39:41 Husbandry
39:29 Hussar
40:39 Chain Barding Armor
42:43 Chain Mail Armor
42:35 Siege Engineers
42:43 Masonry
44:40 Blast Furnace
Lurker
10:16 Feudal Age
14:04 Castle Age
12:21 Double-Bit Axe
12:45 Horse Collar
27:59 Loom
28:52 Crossbowman
30:10 Fletching
32:59 Bow Saw
36:16 Elite Skirmisher
36:56 Bodkin Arrow
37:01 Padded Archer Armor
38:34 Two-Man Saw
Slow Walking Champi Warrior
9:49 Feudal Age
15:36 Castle Age
14:37 Stone Mining
14:35 Double-Bit Axe
16:38 Loom
19:21 Gold Mining
21:27 Scale Mail Armor
22:04 Fletching
28:47 Bodkin Arrow
34:24 Bow Saw
36:46 Imperial Age
34:24 Horse Collar
44:32 Shield Wall
Aaaaaaah Do
11:02 Feudal Age
12:47 Loom
15:26 Castle Age
13:57 Double-Bit Axe
13:55 Horse Collar
24:03 Scale Mail Armor
24:49 Gambesons
25:06 Squires
25:28 Chain Mail Armor
25:36 Arson
26:04 Forging
Connection lost

Rejoining the realm…

Still unreachable

The connection could not be restored.

Session expired

The server has moved on; the page needs a fresh start.